 Dungeon Crawl Stone Soup version 0.32-a0-314-g526f7d4993 (webtiles) character file.

Game seed: 8923504031804824567

16977 dialectric the Nimble (level 12, -14/63 HPs)
             Began as a Spriggan Delver on Feb 15, 2024.
             Was the Champion of Jiyva.
             Demolished by a redback (25 damage)
             ... in a Gauntlet.
             The game lasted 00:17:58 (8448 turns).

dialectric the Nimble (Spriggan Delver)             Turns: 8448, Time: 00:17:59

Health: -14/63     AC:  3    Str: 18    XL:     12   Next: 14%
Magic:  36/36      EV: 27    Int: 12    God:    Jiyva [******]
Gold:   502        SH:  0    Dex: 19    Spells: 24/31 levels left

rFire   . . .        n - +3 short sword
rCold   . . .        (no shield)
rNeg    . . .        b - +0 robe
rPois   .            (helmet restricted)
rElec   .            x - +0 cloak {rCorr}
rCorr   +            (gloves unavailable)
SInv    +            (boots unavailable)
Will    ++...        (no amulet)
Stlth   +++++        D - +6 ring of strength
HPRegen 1.90/turn    u - ring of magical power
MPRegen 1.05/turn

%: no teleportation
@: lethally poisoned (-14 -> -28), very quick
A: very small, no large weapons, unfitting armour, see invisible, speed 3, claws
1, fangs 3, hooves 3, strong 1
a: Renounce Religion, Oozemancy, Slimify


You were in a Gauntlet.
You worshipped Jiyva.
Jiyva was exalted by your worship.
You visited 2 branches of the dungeon, and saw 11 of its levels.
You also visited: Gauntlet.

You collected 502 gold pieces.

Inventory:

Hand Weapons
 a - a +0 short sword
 h - a +0 rapier
 k - a +2 dagger of venom
 n - a +3 short sword (weapon)
 B - a +1 scimitar of flaming
Missiles
 i - 9 poisoned darts (quivered)
Armour
 b - a +0 robe (worn)
 o - a +0 cloak
 x - a +0 cloak of preservation (worn)
 J - the +2 hat of Loss {-Tele Rampage Int+5 Stlth+}
   (You found it in a Gauntlet)

   Int+5:     It affects your intelligence (+5).
   -Tele:     It prevents most forms of teleportation.
   Rampage:   It bestows one free step when moving towards enemies.
   Stlth+:    It makes you more stealthy.
Jewellery
 j - a ring of ice
 u - a ring of magical power (right claw)
 D - a +6 ring of strength (left claw)
 H - a ring of protection from fire
Wands
 g - a wand of digging (3)
 v - a wand of flame (12)
 w - a wand of mindburst (3)
 y - a wand of acid (12)
Scrolls
 c - 2 scrolls of fog
 d - 3 scrolls of revelation
 e - a scroll of fear
 l - a scroll of butterflies
 p - a scroll of enchant armour
 q - 4 scrolls of teleportation
 r - 3 scrolls of blinking
 t - a scroll of amnesia
 z - a scroll of torment {unknown}
 A - a scroll of noise {unknown}
 C - a scroll of identify
Potions
 f - 2 potions of haste
 m - a potion of cancellation
 s - a potion of brilliance
 E - 2 potions of heal wounds
 F - a potion of enlightenment {unknown}
 G - a potion of mutation {unknown}
Miscellaneous
 I - a tin of tremorstones (2/2)


   Skills:
 - Level 7.0 Fighting
 - Level 7.3 Short Blades
 * Level 13.1 Dodging
 + Level 12.1 Stealth
 * Level 10.0 Spellcasting
 + Level 7.4 Necromancy
 * Level 4.1 Fire Magic


You had 24 spell levels left.
You knew the following spells:

 Your Spells              Type           Power      Damage    Failure   Level
a - Fugue of the Fallen   Necr           24%        N/A       1%          3
b - Sticky Flame          Fire/Alch      11%        2d5       45%         4

Your spell library contained the following spells:

 Spells                   Type           Power      Damage    Failure   Level
 Inner Flame              Hex/Fire       11%        N/A       16%         3
 Frozen Ramparts          Ice            12%        1d2       34%         3
 Ozocubu's Armour         Ice            6%         N/A       34%         3
 Flame Wave               Conj/Fire      11%        2d6       45%         4
 Ignite Poison            Fire/Alch      11%        N/A       45%         4
 Leda's Liquefaction      Alch/Erth      3%         N/A       75%         4
 Manifold Assault         Tloc           6%         N/A       75%         4
 Petrify                  Alch/Erth      6%         N/A       75%         4
 Metabolic Englaciation   Hex/Ice        3%         N/A       97%         5
 Ignition                 Fire           8%         3d5       100%        8


Dungeon Overview and Level Annotations

Branches:
Dungeon (9/15)             Temple (0/1) D:7            Lair (2/5) D:9
Gauntlet (1/1)
  Swamp: Lair:2-3    Shoals: Lair:2-3     Snake: Lair:2-3    Spider: Lair:2-3
    Orc: D:9-12

Altars:
Ashenzari
Cheibriados
Elyvilon
Fedhas
Makhleb
Nemelex Xobeh
Trog
Vehumet
Wu Jian
Jiyva

Annotations:
D:5 3 runed translucent doors, PriceMaster's ghost, novice SpCj
D:9 Maggie Gauntlet 6 transporters, 1 runed translucent door


Innate Abilities, Weirdness & Mutations

You are very small and have problems with some larger weapons.
You are too small for most types of armour.
You have supernaturally acute eyesight. (SInv)
You cover ground extremely quickly. (Speed+++)
You have sharp fingernails.
You have razor-sharp teeth.
You have hooves in place of feet.
Your muscles are strong. (Str +4, Int/Dex -1)


Message History

You hit the shadow but do no damage. Your kick misses the shadow.
You bite the shadow, but do no damage.
The shadow is almost destroyed.
The shadow completely misses you.
The hell hound stops to sniff the ground.
You hit the shadow.
You destroy the shadow!
I - a tin of tremorstones (2/2)
There is a transporter here.
You enter the transporter and appear at another place.
Found a transporter.
Okay, then.
There is a transporter landing site here.
Okay, then.
There is a transporter landing site here.
There is a transporter here.
You enter the transporter and appear at another place.
Found a club, a spiked hat and 3 scrolls of enchant armour.
Found a transporter.
The moth of wrath goads the redback on!
The redback goes berserk!
There is a transporter here.
Found a ring mail.
The redback misses you.
You see here the +2 hat of Loss {-Tele Rampage Int+5 Stlth+}.
J - the +2 hat of Loss {-Tele Rampage Int+5 Stlth+} The redback barely misses you.
The moth of wrath goads the redback on!
The redback goes berserk!
The redback completely misses you.
The moth of wrath goads the redback on!
The redback goes berserk!
The redback rages.
The redback bites you.
You are poisoned.
The redback poisons you! The redback bites you!
You hit the redback. You kick the redback!
The redback is moderately wounded.
You feel very sick. The redback bites you! The redback bites you!!
* * * LOW HITPOINT WARNING * * *
You shudder from the blow and a jelly pops out!
The redback completely misses you. The redback bites you!!
You die...
Jiyva sends a jelly to digest your remains.

.©. .... ###########
######§#§#§#≈#≈###
.ß....§..§......≈#
............§...##
####.#########..≈#
.[##.#.ssJ)?.#..##
#h#.#.@sß...#..≈#
#.#.#.##..#h#.#ßsß.ß.ß#..##
#.#.#.#^©#.##.##ß.©.ß##..≈#
..#.##.##..##.#ßyß.ß.ß#..##
#Z#.##°#°##E#.#...ß...#..≈#
ZZ#.#.#○#ER##.#..ß#ß..#..##
#######################..≈
........©.........©.#...##
........©...........#...≈#


You could see a moth of wrath, an efreet, 2 fire elementals, 2 hell hounds, 4
redbacks and a friendly quicksilver ooze (summoned).

Vanquished Creatures
  A two-headed ogre (D:9)
  Erica (D:8)
  An arcanist (Gauntlet)
  3 elephants (Lair:2)
  Maurice (D:8)
  A black mamba (Lair:1)
  3 cane toads (Lair:1)
  2 komodo dragons
  A polar bear (Lair:1)
  Prince Ribbit (D:7)
  3 hornets
  3 blink frogs (Lair:2)
  6 shadows (Gauntlet)
  A wyvern (D:9)
  A basilisk (Lair:1)
  4 yaks
  Eustachio (D:6)
  Menkaure (D:4)
  Edmund (D:6)
  An acid dragon (D:8)
  5 water moccasins
  3 ice beasts
  An orc warrior (D:6)
  5 black bears
  10 wolves
  2 centaurs
  A phantom (D:5)
  3 bullfrogs
  2 kobold brigands
  A scorpion (D:5)
  2 wights (D:7)
  6 killer bees (D:8)
  4 hounds
  3 orc priests (D:5)
  2 gnoll boudas
  Crazy Yiuf (D:6)
  A sleepcap (D:6)
  An iguana (D:6)
  6 orc wizards
  16 gnolls
  4 adders
  A shadow imp (Gauntlet)
  2 white imps
  2 ufetubi (D:6)
  2 dart slugs
  A ribbon worm (D:5)
  11 orcs
  6 ball pythons
  4 bats
  An endoplasm (D:3)
  A giant cockroach (D:4)
  6 goblins
  5 hobgoblins
  3 quokkas (D:1)
  2 frilled lizards (D:1)
  12 kobolds
  4 rats
179 creatures vanquished.

Vanquished Creatures (collateral kills)
  3 elephants (Lair:2)
  Joseph (D:8)
  A black mamba (Lair:2)
  Jeremiah (D:9)
  A rime drake (Lair:2)
  A komodo dragon (Lair:1)
  4 blink frogs (Lair:2)
  7 yaks
  Grum (D:8)
  2 wolves (D:8)
  2 bullfrogs (Lair:1)
  A gnoll sergeant (D:9)
  3 wights (D:8)
  2 gnolls (D:9)
30 creatures vanquished.

Vanquished Creatures (others)
  A yak (Lair:2)
  A naga (Lair:2)
  A wight (D:7)
  15 jellies
  An orc priest (D:7)
  An iguana (D:5)
  An orc wizard (D:6)
  2 gnolls
  2 adders
  8 orcs
  A goblin (D:2)
  A frilled lizard (D:2)
  6 kobolds (D:6)
  A rat (D:2)
42 creatures vanquished.

Grand Total: 251 creatures vanquished

Notes
Turn   | Place    | Note
-------+----------+-------------------------------------------
     0 | D:5      | dialectric the Spriggan Delver began the quest for the Orb.
     0 | D:5      | Reached XP level 1. HP: 11/11 MP: 2/2
    12 | D:5      | Noticed a hound
    16 | D:5      | Killed a hound
    17 | D:5      | Reached skill level 3 in Dodging
    17 | D:5      | Reached XP level 2. HP: 16/16 MP: 3/3
    17 | D:5      | Reached XP level 3. HP: 19/19 MP: 4/4
    47 | D:5      | Found a snail-covered altar of Cheibriados.
    49 | D:5      | Noticed a scorpion
    57 | D:5      | Killed a scorpion
    58 | D:5      | Reached XP level 4. HP: 24/24 MP: 5/5
    58 | D:5      | Found a runed translucent gate.
    59 | D:5      | Found a runed translucent gate.
    61 | D:5      | Found a runed translucent gate.
    62 | D:5      | Noticed PriceMaster's ghost (novice SpCj)
   357 | D:4      | Reached skill level 4 in Dodging
   399 | D:4      | Noticed Menkaure
   401 | D:4      | Killed Menkaure
   402 | D:4      | Reached XP level 5. HP: 28/28 MP: 6/6
   480 | D:4      | Found a blossoming altar of Fedhas.
   897 | D:3      | Found a broken altar of Ashenzari.
   958 | D:3      | Found a white marble altar of Elyvilon.
  1216 | D:2      | Found a faded altar of an unknown god.
  1221 | D:2      | Prayed at the altar of an unknown god.
  1221 | D:2      | Became a worshipper of Jiyva Jetuoner the Shapeless
  1221 | D:2      | Reached * piety under Jiyva
  1295 | D:2      | Reached XP level 6. HP: 32/32 MP: 7/7
  1615 | D:1      | Reached ** piety under Jiyva
  2221 | D:3      | Reached *** piety under Jiyva
  2274 | D:2      | Reached skill level 5 in Dodging
  2387 | D:3      | Learned a level 3 spell: Fugue of the Fallen
  2891 | D:5      | Gained mutation: You have large cloven feet. [Jiyva's
                  | grace]
  2891 | D:5      | Gained mutation: You have hoof-like feet. [Jiyva's grace]
  2891 | D:5      | Gained mutation: You have hooves in place of feet. [Jiyva's
                  | grace]
  2891 | D:5      | Gained mutation: Your muscles are strong. (Str +4, Int/Dex
                  | -1) [Jiyva's grace]
  3143 | D:5      | Reached XP level 7. HP: 36/37 MP: 8/8
  3326 | D:5      | Reached skill level 5 in Short Blades
  3341 | D:5      | Reached skill level 6 in Dodging
  3557 | D:5      | Noticed a troll
  3757 | D:6      | Found a radiant altar of Vehumet.
  3757 | D:6      | Found a burning altar of Makhleb.
  3955 | D:6      | Reached skill level 10 in Stealth
  3984 | D:6      | Noticed Edmund
  4009 | D:6      | Killed Edmund
  4010 | D:6      | Reached XP level 8. HP: 40/42 MP: 9/9
  4090 | D:6      | Noticed Eustachio
  4097 | D:6      | Killed Eustachio
  4098 | D:6      | Reached skill level 5 in Fighting
  4098 | D:6      | Reached skill level 7 in Dodging
  4105 | D:6      | Reached **** piety under Jiyva
  4646 | D:6      | Found an ornate altar of the Wu Jian Council.
  4910 | D:6      | Found a runed translucent door.
  4911 | D:6      | Noticed Crazy Yiuf
  4920 | D:6      | Killed Crazy Yiuf
  4921 | D:6      | Reached skill level 1 in Spellcasting
  4921 | D:6      | Reached skill level 1 in Necromancy
  5168 | D:7      | Reached XP level 9. HP: 36/47 MP: 12/12
  5262 | D:7      | Found a staircase to the Ecumenical Temple.
  5331 | D:7      | Noticed Prince Ribbit
  5344 | D:7      | Killed Prince Ribbit
  5345 | D:7      | Reached skill level 8 in Dodging
  5645 | D:8      | Noticed Maurice
  5649 | D:8      | Killed Maurice
  5688 | D:8      | Reached skill level 9 in Dodging
  5878 | D:8      | Reached ***** piety under Jiyva
  5971 | D:8      | Reached XP level 10. HP: 53/53 MP: 18/18
  5976 | D:8      | Reached skill level 10 in Dodging
  5982 | D:8      | Reached skill level 5 in Spellcasting
  6005 | D:8      | Noticed Grum
  6005 | D:8      | Noticed Joseph
  6013 | D:8      | Killed Grum
  6014 | D:8      | Reached skill level 5 in Necromancy
  6017 | D:8      | Killed Joseph
  6117 | D:8      | Found a bloodstained altar of Trog.
  6129 | D:8      | Learned a level 4 spell: Sticky Flame
  6255 | D:8      | Noticed Erica
  6273 | D:8      | Killed Erica
  6581 | D:9      | Gained mutation: You have very sharp teeth. [Jiyva's grace]
  6581 | D:9      | Gained mutation: You have extremely sharp teeth. [Jiyva's
                  | grace]
  6581 | D:9      | Gained mutation: You have razor-sharp teeth. [Jiyva's
                  | grace]
  6581 | D:9      | Gained mutation: You have sharp fingernails. [Jiyva's
                  | grace]
  6598 | D:9      | Noticed Jeremiah
  6607 | D:9      | Killed Jeremiah
  6608 | D:9      | Reached skill level 11 in Dodging
  6723 | D:9      | Found a staircase to the Lair.
  6740 | D:9      | Noticed a cyclops
  6741 | D:9      | Noticed Maggie
  6909 | D:9      | Noticed a two-headed ogre
  6914 | D:9      | Killed a two-headed ogre
  6951 | D:9      | Noticed a two-headed ogre
  6962 | D:9      | Found a sparkling altar of Nemelex Xobeh.
  7070 | Lair:1   | Entered Level 1 of the Lair of Beasts
  7088 | Lair:1   | Reached XP level 11. HP: 55/58 MP: 23/23
  7227 | Lair:1   | Reached skill level 1 in Fire Magic
  7988 | Lair:2   | Reached skill level 12 in Dodging
  8152 | Lair:2   | Found a gate leading to a gauntlet.
  8204 | Lair:2   | Reached XP level 12. HP: 51/63 MP: 26/26
  8218 | Gauntlet | Entered a Gauntlet
  8218 | Gauntlet | Found a transporter.
  8218 | Gauntlet | Found a transporter.
  8218 | Gauntlet | Found a runed translucent door.
  8218 | Gauntlet | Found a runed translucent door.
  8230 | Gauntlet | Found a transporter.
  8260 | Gauntlet | Found a transporter.
  8260 | Gauntlet | Found a transporter.
  8267 | Gauntlet | Reached skill level 13 in Dodging
  8290 | Gauntlet | Found a transporter.
  8314 | Gauntlet | Found a transporter.
  8314 | Gauntlet | Reached ****** piety under Jiyva
  8315 | Gauntlet | Found a transporter.
  8315 | Gauntlet | Found a transporter.
  8375 | Gauntlet | Reached skill level 10 in Spellcasting
  8405 | Gauntlet | Found a transporter.
  8441 | Gauntlet | Found a transporter.
  8445 | Gauntlet | Identified the +2 hat of Loss {-Tele Rampage Int+5 Stlth+}
  8448 | Gauntlet | Demolished by a redback

Illustrated notes

Levels and vault maps discovered:
D:1:      dpeg_arrival_shelter, layout_loops_ring, nicolae_figureground_pulse
D:2:      layout_basic, shapermc_ecumenical_altar_hornbeckon
D:3:      layout_loops_corners, evilmike_ruin_ashenzari, elyvilon_altar_1,
          minmay_starry_boxes
D:4:      layout_loops_cross, fedhas_altar_2, uniq_menkaure
D:5:      layout_gridville, mainiacjoe_overflow_alcove_2, cheibriados_altar_1,
          biasface_ghost_orc_armoury, roderic_lattice_a
D:6:      layout_basic, grunt_temple_overflow_lords_of_destruction,
          kennysheep_mini, minmay_unpleasant_kobolds, uniq_crazy_yiuf_cottage,
          uniq_edmund, uniq_eustachio
D:7:      layout_rooms, minmay_temple_entry_from_below_a, uniq_prince_ribbit1
D:8:      layout_basic, lightli_temple_of_fire, uniq_joseph, uniq_erica,
          uniq_maurice, uniq_grum
D:9:      layout_gridville, nemelex_diamond_rough_becter, jmf_multi_god_temple2,
          due_lair_maze_entry_diamond, minmay_holes, uniq_maggie, uniq_jeremiah
Lair:1:   layout_concentric_octagons
Lair:2:   layout_long_grid, minmay_snake_entry_guardpost_small,
          gauntlet_entry_generic
Gauntlet: gammafunk_gauntlet_mixed_choke_point
          [minmay_gauntlet_arena_77_squiggly, minmay_gauntlet_arena_77_cramped,
          minmay_gauntlet_arena_77_box, gammafunk_gauntlet_arena_crates,
          minmay_gauntlet_arena_77_terracotta_army,
          minmay_gauntlet_arena_77_mess, minmay_gauntlet_arena_77_block_sizes,
          nicolae_gauntlet_exit_dead_adventurers]

Skill      XL: |  1  2  3  4  5  6  7  8  9 10 11 12 |
---------------+-------------------------------------+-----
Dodging        | 3 4 5 6 7 9 11 12 13 | 13.1
Fighting       | 3 4 5 6 7 |  7.0
Short Blades   | 3 4 6 7 |  7.3
Stealth        | 8 9 10 11 12 | 12.1
Spellcasting   | 1 4 7 9 10 | 10.0
Necromancy     | 2 4 6 7 |  7.4
Fire Magic     | 3 4 |  4.1

Action                     |  1- 3 |  4- 6 |  7- 9 | 10-12 || total
---------------------------+-------+-------+-------+-------++-------
  Melee: Short sword       |     2 |   175 |   135 |    48 ||   360
         Kick              |       |     6 |    93 |   164 ||   263
         Dagger            |       |       |   164 |   344 ||   508
         Bite              |       |       |       |    50 ||    50
  Throw: Dart              |       |    13 |    19 |     1 ||    33
   Cast: Fugue of the Fall |       |       |     1 |     4 ||     5
  Evoke: Wand              |       |       |     4 |       ||     4
    Use: Scroll            |       |     1 |     6 |     2 ||     9
         Potion            |       |       |       |     1 ||     1
   Stab: Sleeping          |     2 |    22 |    10 |     8 ||    42
         Distracted        |       |     1 |       |     3 ||     4
 Armour: Robe              |       |    44 |    85 |   105 ||   234
  Dodge: Dodged            |       |   120 |   223 |   342 ||   685

Table legend: (Time is in decaauts)
 A = Elapsed time spent in this place.
 B = Non-inter-level travel time spent in this place.
 C = Inter-level travel time spent in this place.
 D = Time resting spent in this place.
 E = Time spent auto-exploring this place.
 F = Levels seen in this place.
 G = Mean time per level.
                   A        B        C        D        E       F      G
               +--------+--------+--------+--------+--------+-----+--------+
         Total |   5403 |   5171 |    232 |     66 |   3046 |  12 |  450.2 |
       Dungeon |   4536 |   4374 |    162 |     66 |   2684 |   9 |  504.0 |
          Lair |    721 |    652 |     69 |      0 |    362 |   2 |  360.5 |
      Gauntlet |    146 |    146 |      0 |      0 |      0 |   1 |  146.0 |
               +--------+--------+--------+--------+--------+-----+--------+

Top non-repeatable levels by time:
     D:6: 851 daAuts
     D:8: 715 daAuts
     D:3: 629 daAuts
  Lair:1: 554 daAuts
     D:4: 531 daAuts
     D:5: 499 daAuts
     D:1: 390 daAuts
     D:7: 364 daAuts
     D:2: 285 daAuts
     D:9: 270 daAuts
  Lair:2: 166 daAuts
Gauntlet: 146 daAuts
